 Dungeon Crawl Stone Soup version 0.28-a0-1493-g08698888e4 (webtiles) character file.

Game seed: 5242201013337761613

3456 ytrimaz the Slicer (level 9, 0/63 HPs)
             Began as a Demonspawn Fighter on Jan 12, 2022.
             Was a Believer of Ru.
             Killed from afar by a steam dragon (19 damage)
             ... with a ball of steam
             ... on level 9 of the Dungeon.
             The game lasted 00:09:05 (10599 turns).

ytrimaz the Slicer (Demonspawn Fighter)            Turns: 10599, Time: 00:09:05

Health: 0/63       AC: 14    Str: 21    XL:     9   Next: 78%
Magic:  9/9        EV: 10    Int: 10    God:    Ru [**....]
Gold:   1043       SH:  5    Dex: 12    Spells: 8/8 levels left

rFire   . . .      SeeInvis .   D - +1 short sword (elec)
rCold   . . .      Faith    .   c - +0 buckler
rNeg    . . .      Spirit   .   b - +1 scale mail
rPois   .          Reflect  .   o - +2 helmet
rElec   .          Harm     .   (no cloak)
rCorr   .          Rampage  .   w - +1 pair of gloves
Will    .....                   (no boots)
Stlth   +.........              (no amulet)
HPRegen 0.20/turn               (no ring)
MPRegen 0.11/turn               (no ring)

@: no status effects
A: hooves 2, frail 1, ignite blood 1, powered by pain 2, sturdy frame 2
a: Renounce Religion


You were on level 9 of the Dungeon.
You worshipped Ru.
Ru was pleased with you.
You visited 2 branches of the dungeon, and saw 10 of its levels.

You collected 1713 gold pieces.
You spent 670 gold pieces at shops.

Inventory:

Hand Weapons
 a - a +0 rapier
 A - a +2 short sword of speed
 D - a +1 short sword of electrocution (weapon)
Armour
 b - a +1 scale mail (worn)
 c - a +0 buckler (worn)
 o - a +2 helmet (worn)
 w - a +1 pair of gloves (worn)
Wands
 z - a wand of mindburst (16)
 C - a wand of flame (22)
 E - a wand of polymorph (3)
Scrolls
 e - 2 scrolls of enchant armour
 g - a scroll of fear
 k - a scroll of amnesia
 m - 3 scrolls of teleportation
 p - 4 scrolls of identify
 v - 2 scrolls of magic mapping
 y - a scroll of noise
 B - a scroll of fog
Potions
 d - 3 potions of might
 f - 4 potions of curing
 h - 2 potions of ambrosia
 i - 2 potions of lignification
 j - 4 potions of magic
 l - 5 potions of heal wounds
 n - a potion of brilliance
 q - 5 potions of attraction
 r - 2 potions of resistance
 s - 2 potions of cancellation
 t - a potion of invisibility
 u - 3 potions of flight
 x - 2 potions of mutation
 F - a potion of haste


   Skills:
 + Level 6.7 Fighting
 + Level 9.5 Short Blades
 + Level 6.7 Armour
 - Level 4.0 Shields
 - Level 0.3 Evocations


You had 8 spell levels left.
You didn't know any spells.
Your spell library contained the following spells:

 Spells                   Type           Power      Damage    Failure   Level
 Slow                     Hex            0%         N/A       56%         1
 Corpse Rot               Necr/Air       0%         N/A       71%         2
 Poisonous Vapours        Pois/Air       0%         N/A       71%         2
 Confusing Touch          Hex            0%         N/A       90%         3
 Dazzling Flash           Conj/Hex       0%         N/A       90%         3
 Vampiric Draining        Necr           0%         2d6       90%         3
 Iskenderun's Mystic Bla  Conj/Tloc      0%         2d3       100%        4
 Iskenderun's Battlesphe  Conj           0%         2d6       100%        5
 Iron Shot                Conj/Erth      0%         9d1       100%        6
 Starburst                Conj/Fire      0%         6d3       100%        6
 Spellforged Servitor     Conj/Summ      0%         N/A       100%        7


Dungeon Overview and Level Annotations

Branches:
Dungeon (9/15)             Temple (1/1) D:6
   Lair: D:8-11         Orc: D:9-12

Altars:
Ashenzari
Cheibriados
Dithmenos
Fedhas
Gozag
Kikubaaqudgha
Makhleb
Nemelex Xobeh
Okawaru
Qazlal
Ru
Sif Muna
Trog
Uskayaw
Vehumet
Wu Jian
Xom
Yredelemnul
Zin
The Shining One

Shops:
D:4 *


Innate Abilities, Weirdness & Mutations

You have hoof-like feet.
You are frail. (-10% HP)
Your demonic aura sometimes causes spilled blood to erupt in flames.
You sometimes gain power by taking damage.
Your movements are less encumbered by armour. (ER -4)


Message History

You don't have any unidentified items.
Unknown command.
The steam dragon breathes steam at you. The ball of steam hits you!
You hear a bellow! x4
No reachable target in view!
You are engulfed in a cloud of scalding steam.
You are engulfed in a cloud of scalding steam.
The steam dragon breathes steam at you. The ball of steam hits you!
You hear a bellow!
The steam dragon begins to attack, but is stunned by your conviction!
The steam dragon breathes steam at you. The ball of steam hits you!
You hear a shout!
The steam dragon barely misses you. You block the steam dragon's attack.
You are too injured to fight recklessly!
You are too injured to fight recklessly!
You barely miss the steam dragon. You kick the steam dragon.
The steam dragon is lightly wounded.
The steam dragon bites you but does no damage.
The steam dragon claws you.
You hit the steam dragon.
The steam dragon is lightly wounded.
You hit the steam dragon but do no damage.
Your kick misses the steam dragon.
The steam dragon is lightly wounded.
The steam dragon bites you!
The steam dragon claws you but does no damage.
You puncture the steam dragon! You kick the steam dragon.
The steam dragon is heavily wounded.
You block the steam dragon's attack. The steam dragon barely misses you.
You hit the steam dragon.
You kick the steam dragon, but do no damage.
The steam dragon is severely wounded.
You barely miss the steam dragon. Your kick misses the steam dragon.
The steam dragon is severely wounded.
The steam dragon breathes steam at you. The ball of steam hits you!!
You die...

.. # . #. ##.## # .. #.
#...# + .#. #. #...# #
.... #. #...# #####
.....#. #####...#####.##.
.......##...........#.###
.......D@................
......###...........#####
#...# #####)..#########
#.. #<..# #... # #...#
#(## #...# #.## ####.###
#.## #......# #...
#.##.#.########


You could see a steam dragon (catching breath).

Vanquished Creatures
  Prince Ribbit (D:6)
  2 steam dragons
  Grum (D:8)
  3 water moccasins
  Duvessa (D:6)
  3 orc warriors
  A black bear (D:4)
  A necrophage (D:5)
  A sky beast (D:8)
  4 wolves (D:8)
  A phantom (D:5)
  A centaur (D:8)
  A scorpion (D:6)
  A wyvern skeleton (D:7)
  A water moccasin zombie (D:6)
  Dowan (D:6)
  A water moccasin skeleton (D:6)
  7 wights
  2 hounds
  A jelly (D:6)
  An orc priest (D:8)
  A bullfrog zombie (D:3)
  2 bullfrog skeletons
  Jessica (D:2)
  4 iguanas
  4 orc wizards
  A killer bee zombie (D:8)
  A hound zombie (D:5)
  A hound skeleton (D:4)
  4 gnolls (D:6)
  3 howler monkey skeletons
  5 adders
  2 shadow imps
  2 adder skeletons (D:4)
  A worm (D:4)
  3 dart slugs
  22 orcs
  2 bats (D:1)
  5 endoplasms
  2 giant cockroaches
  8 goblins
  5 hobgoblins
  11 jackals
  6 kobolds
  3 quokkas
  5 ball pythons
  4 frilled lizards
  2 quokka skeletons (D:4)
  3 rats
149 creatures vanquished.

Vanquished Creatures (others)
  A hornet (D:9)
1 creature vanquished.

Grand Total: 150 creatures vanquished

Notes
Turn   | Place    | Note
-------+----------+-------------------------------------------
     0 | D:1      | ytrimaz the Demonspawn Fighter began the quest for the Orb.
     0 | D:1      | Reached XP level 1. HP: 18/18 MP: 1/1
   187 | D:1      | Gained mutation: Your movements are slightly less
                  | encumbered by armour. (ER -2) [demonic ancestry]
   187 | D:1      | Reached XP level 2. HP: 20/24 MP: 2/2
   608 | D:1      | Reached skill level 2 in Short Blades
   627 | D:1      | Found a faded altar of an unknown god.
  1126 | D:2      | Noticed Jessica
  1315 | D:2      | Killed Jessica
  1316 | D:2      | Gained mutation: You sometimes gain a little power by
                  | taking damage. [demonic ancestry]
  1316 | D:2      | Reached XP level 3. HP: 23/29 MP: 3/3
  1410 | D:2      | Identified the +3 mace "Elaskof" {holy, Will+ Str+4}
  1939 | D:2      | Gained mutation: You have large cloven feet. [demonic
                  | ancestry]
  1939 | D:2      | Reached XP level 4. HP: 35/35 MP: 4/4
  2588 | D:3      | Reached skill level 3 in Short Blades
  2598 | D:3      | Found Peula's Distillery.
  2727 | D:4      | Gained mutation: You have hoof-like feet. [demonic
                  | ancestry]
  2727 | D:4      | Reached XP level 5. HP: 40/41 MP: 5/5
  2786 | D:4      | Identified a scroll of acquirement
  2786 | D:4      | Acquired 1255 gold pieces
  3018 | D:3      | Bought 2 potions of attraction for 72 gold pieces
  3018 | D:3      | Bought a potion of ambrosia for 96 gold pieces
  3018 | D:3      | Bought a potion of resistance for 120 gold pieces
  3018 | D:3      | Bought a potion of curing for 36 gold pieces
  3018 | D:3      | Bought a potion of heal wounds for 60 gold pieces
  3018 | D:3      | Bought a potion of might for 48 gold pieces
  3018 | D:3      | Bought a potion of cancellation for 96 gold pieces
  3018 | D:3      | Bought a potion of invisibility for 96 gold pieces
  3018 | D:3      | Bought a potion of flight for 36 gold pieces
  3216 | D:4      | Noticed a black bear
  3220 | D:4      | Killed a black bear
  3221 | D:4      | Gained mutation: Your movements are less encumbered by
                  | armour. (ER -4) [demonic ancestry]
  3221 | D:4      | Reached XP level 6. HP: 48/48 MP: 6/6
  3509 | D:4      | Reached skill level 4 in Short Blades
  3554 | D:4      | Found Doshah's General Store.
  3568 | D:4      | Bought a scroll of noise for 10 gold pieces
  3812 | D:5      | Entered Level 5 of the Dungeon
  4269 | D:5      | Reached skill level 5 in Short Blades
  4269 | D:5      | Gained mutation: You sometimes gain power by taking damage.
                  | [demonic ancestry]
  4269 | D:5      | Reached XP level 7. HP: 51/54 MP: 7/7
  4588 | D:6      | Found a staircase to the Ecumenical Temple.
  4603 | Temple   | Entered the Ecumenical Temple
  5048 | Temple   | Became a worshipper of Ru the Awakened
  5191 | D:6      | Noticed Dowan
  5192 | D:6      | Noticed Duvessa
  5210 | D:6      | Killed Duvessa
  5211 | D:6      | Reached skill level 6 in Short Blades
  5334 | D:6      | Killed Dowan
  5559 | D:6      | Noticed Prince Ribbit
  5568 | D:6      | Reached skill level 5 in Armour
  5568 | D:6      | Gained mutation: Your demonic aura sometimes causes spilled
                  | blood to erupt in flames. [demonic ancestry]
  5568 | D:6      | Reached XP level 8. HP: 52/61 MP: 8/8
  5580 | D:6      | Killed Prince Ribbit
  5937 | D:6      | Reached skill level 7 in Short Blades
  6067 | D:6      | Reached skill level 5 in Fighting
  7140 | D:7      | Gained mutation: You are frail. (-10% HP) [Ru sacrifice]
  7140 | D:7      | Reached * piety under Ru
  7140 | D:7      | Reached ** piety under Ru
  7635 | D:8      | Noticed Grum
  7646 | D:8      | Reached skill level 8 in Short Blades
  7646 | D:8      | Reached XP level 9. HP: 45/61 MP: 9/9
  8325 | D:8      | Killed Grum
  9105 | D:8      | Reached skill level 9 in Short Blades
 10227 | D:9      | Paralysed by a hornet for 1 turns
 10599 | D:9      | Killed from afar by a steam dragon

Illustrated notes

Levels and vault maps discovered:
D:1:      lemuel_arrival_lava_pool, layout_loops_corners,
          chequers_ecumenical_altar_island
D:2:      layout_rooms, uniq_jessica
D:3:      layout_basic, serial_shops, nicolae_shop_window_shopping
D:4:      layout_loops_corners, serial_shops, shop
D:5:      layout_loops_ring
D:6:      layout_cave_pools, minmay_temple_entry_drinking_statues,
          corexii_shack, minivault_19, kennysheep_flooded_box, uniq_duvessa,
          uniq_prince_ribbit1
D:7:      layout_rooms, serial_glass, glass_columns_c, glass_columns_b,
          glass_columns_c, glass_columns_c, glass_columns_b, glass_columns_b,
          glass_columns_a, glass_columns_c, glass_columns_b, glass_columns_a,
          glass_columns_a, glass_columns_c, glass_columns_a, glass_columns_a,
          uniq_crazy_yiuf_cottage
D:8:      layout_loops_ring, minmay_misc_feat_alley, uniq_grum
D:9:      layout_loops_cross, orc_0_dummy, hangedman_fish_farm, uniq_erica
Temple:   mainiacjoe_temple_big_plus

Skill      XL: |  1  2  3  4  5  6  7  8  9 |
---------------+----------------------------+-----
Short Blades   | 2 3 5 6 8 9 |  9.5
Armour         | 3 4 5 6 |  6.7
Shields        | 3 4 |  4.0
Fighting       | 4 5 6 |  6.7
Evocations     | |  0.3

Action                   |  1- 3 |  4- 6 |  7- 9 || total
-------------------------+-------+-------+-------++-------
Melee: Rapier            |    95 |   121 |       ||   216
       Kick              |       |    53 |   100 ||   153
       Short sword       |       |    80 |   355 ||   435
Invok: Sacrifice Health  |       |       |     1 ||     1
Evoke: Wand              |       |       |     2 ||     2
  Use: Scroll            |     7 |     6 |     4 ||    17
Armor: Scale mail        |    39 |    88 |   112 ||   239
Dodge: Dodged            |    35 |    66 |   107 ||   208
Block: Buckler           |    18 |    33 |    49 ||   100

Table legend: (Time is in decaauts)
 A = Elapsed time spent in this place.
 B = Non-inter-level travel time spent in this place.
 C = Inter-level travel time spent in this place.
 D = Time resting spent in this place.
 E = Time spent auto-exploring this place.
 F = Levels seen in this place.
 G = Mean time per level.
                   A        B        C        D        E       F      G
               +--------+--------+--------+--------+--------+-----+--------+
         Total |  10473 |  10095 |    378 |   1511 |   7278 |  10 | 1047.3 |
       Dungeon |   9997 |   9702 |    295 |   1511 |   6892 |   9 | 1110.8 |
        Temple |    475 |    392 |     83 |      0 |    386 |   1 |  475.0 |
               +--------+--------+--------+--------+--------+-----+--------+

Top non-repeatable levels by time:
     D:7: 2057 daAuts
     D:8: 1706 daAuts
     D:6: 1205 daAuts
     D:1: 1154 daAuts
     D:4: 1072 daAuts
     D:2: 919 daAuts
     D:5: 781 daAuts
     D:3: 682 daAuts
  Temple: 475 daAuts
     D:9: 417 daAuts
